 Dungeon Crawl Stone Soup version 0.23.2-30-g0e89c35649 (webtiles) character file.

Game seed: 245131493922425298

714 RadRoach the Spear-Bearer (level 7, -4/56 HPs)
             Began as a Minotaur Gladiator on June 7, 2019.
             Killed from afar by Dowan (15 damage)
             ... with a shard of ice
             ... on level 4 of the Dungeon.
             The game lasted 00:07:40 (3213 turns).

RadRoach the Spear-Bearer (Minotaur Gladiator)      Turns: 3213, Time: 00:07:41

Health: -4/56      AC: 12    Str: 13    XL:     7   Next: 41%
Magic:  6/6        EV:  4    Int: 10    God:
Gold:   96         SH:  2    Dex: 14    Spells: 6/6 levels left

rFire    + . .     SeeInvis .   a - +1 trident
rCold    + . .     Gourm    .   (no shield)
rNeg     . . .     Faith    .   o - +1 plate armour
rPois    +         Spirit   .   c - +0 hat
rElec    +         Reflect  +   (no cloak)
rCorr    +         Harm     .   n - +0 pair of gloves
MR       .....                  (no boots)
Stlth    ..........             b - +2 amulet of reflection
HPRegen  0.18/turn              s - ring of flight
MPRegen  0.10/turn              r - -5 ring of strength (curse)

@: brilliant, about to teleport, resistant, flying, hasted (expiring), very
quick
A: retaliatory headbutt, horns 2
a: no special abilities


You were on level 4 of the Dungeon.
You were not hungry.

You visited 1 branch of the dungeon, and saw 4 of its levels.

You collected 96 gold pieces.

Inventory:

Hand Weapons
 a - a +1 trident (weapon)
Missiles
 d - 3 throwing nets (quivered)
 m - 28 poisoned needles
Armour
 c - a +0 hat (worn)
 n - a +0 pair of gloves (worn)
 o - a +1 plate armour (worn)
Jewellery
 b - a +2 amulet of reflection (around neck)
 i - an uncursed ring of ice {unknown}
 r - a cursed -5 ring of strength (right hand)
 s - a ring of flight (left hand)
Scrolls
 j - a scroll of magic mapping
 l - a scroll of amnesia
 q - a scroll of enchant armour
Comestibles
 f - 6 rations
 p - a chunk of flesh


   Skills:
 - Level 2.4 Fighting
 + Level 10.4 Polearms
 - Level 2.0 Throwing
 - Level 3.2 Dodging


You had 6 spell levels left.
You didn't know any spells.
Your spell library was empty.

Dungeon Overview and Level Annotations

Branches:
Dungeon (4/15)
 Temple: D:4-7

Altars:
Sif Muna
Beogh

Annotations:
D:3 3 runed translucent doors, Grinder; PentaManta's ghost, amateur MfMo
D:4 Dowan


Innate Abilities, Weirdness & Mutations

You reflexively headbutt those who attack you in melee.
You have a pair of horns on your head.


Message History

You start resting.
Your extra speed is starting to run out.
You start resting.
Dowan is too close now for your liking.
Dowan mumbles some strange words.
Dowan blinks!
An orc and an orc wizard come into view.
The orc shouts!
The orc wizard shouts!
You hear a shout! x2
Dowan is no longer moving quickly.
An orc comes into view. It is wielding a +0 hand axe.
The orc wizard gestures at you while chanting.
You resist with some effort.
As you read the scroll of teleportation, it crumbles to dust.
You feel strangely unstable.
An orc comes into view. It is wielding a +0 club.
The orc shouts!
You hear a shout!
An orc comes into view. It is wielding a +2 vampiric dagger.
Dowan gestures at you while chanting. The shard of ice hits you!
You partially resist.
You die...

..# .. ... #.#.
#.# #.#.##.#
#######
#.#.##.###≈≈≈≈≈##
#....#.##≈≈≈≈≈≈≈#
##......##≈≈...≈≈#
#§.....@##≈≈._.≈≈#
.#..e...##≈≈...≈≈#
##...#o##≈≈≈.≈≈≈#
. .
##.##o###≈≈.≈≈##
#.# ####.# ###'###
#.#


oo. #.## #.# o## #..## #.. . #^..# .. #...# # You could see Dowan, an orc wizard
and 4 orcs.

Vanquished Creatures
  The ghost of ciphuk the Slicer, a novice KoBe of Trog (D:4)
  Duvessa (D:4)
  An ogre (D:4)
  2 worker ants (D:4)
  An iguana (D:4)
  3 gnolls (D:2)
  8 adders
  An ooze (D:1)
  4 worms
  3 dart slugs
  A leopard gecko (D:1)
  4 orcs (D:4)
  A giant cockroach (D:2)
  10 goblins
  5 hobgoblins
  14 jackals
  9 kobolds
  A quokka (D:3)
  2 ball pythons
  8 bats
  7 frilled lizards
  11 rats
98 creatures vanquished.

Notes
Turn   | Place    | Note
-------+----------+-------------------------------------------
     0 | D:1      | RadRoach the Minotaur Gladiator began the quest for the
                  | Orb.
     0 | D:1      | Reached XP level 1. HP: 18/18 MP: 0/0
    46 | D:1      | Reached skill level 4 in Polearms
    64 | D:1      | Reached XP level 2. HP: 2/25 MP: 1/1
   724 | D:1      | Reached skill level 5 in Polearms
   731 | D:1      | Reached XP level 3. HP: 22/30 MP: 2/2
  1222 | D:2      | Reached skill level 6 in Polearms
  1222 | D:2      | Reached XP level 4. HP: 36/37 MP: 3/3
  1526 | D:2      | Reached XP level 5. HP: 36/42 MP: 4/4
  1529 | D:2      | Reached skill level 7 in Polearms
  1889 | D:3      | Noticed Grinder
  2111 | D:3      | Found a runed translucent gate.
  2111 | D:3      | Found a runed translucent gate.
  2111 | D:3      | Found a runed translucent gate.
  2208 | D:3      | Noticed PentaManta's ghost (amateur MfMo)
  2210 | D:3      | Identified the +9 mace "Cuanos" {distort, rC+ Str+3 Dex+4}
  2212 | D:3      | Found a roughly hewn altar of Beogh.
  2359 | D:4      | Noticed Dowan
  2360 | D:4      | Noticed Duvessa
  2498 | D:4      | Noticed an ogre
  2511 | D:4      | Reached skill level 8 in Polearms
  2516 | D:4      | Killed an ogre
  2516 | D:4      | Reached XP level 6. HP: 20/50 MP: 5/5
  2707 | D:4      | Found a runed translucent door.
  2710 | D:4      | Noticed ciphuk's ghost (novice KoBe)
  2748 | D:4      | Killed ciphuk's ghost
  2748 | D:4      | Reached skill level 9 in Polearms
  2748 | D:4      | Reached XP level 7. HP: 22/56 MP: 6/6
  2956 | D:4      | Reached skill level 10 in Polearms
  3103 | D:4      | Found a deep blue altar of Sif Muna.
  3172 | D:4      | Killed Duvessa
  3213 | D:4      | Killed from afar by Dowan

Skill      XL: |  1  2  3  4  5  6  7 |
---------------+----------------------+-----
Polearms       | 4 5 6 8 9 10 | 10.4
Fighting       | |  2.4
Throwing       | |  2.0
Dodging        | |  3.2

Action                   |  1- 3 |  4- 6 |  7- 9 || total
-------------------------+-------+-------+-------++-------
Melee: Trident           |    92 |   182 |    31 ||   305
       Headbutt          |     8 |    19 |     8 ||    35
  Use: Potion            |     1 |     2 |     4 ||     7
       Scroll            |     1 |     8 |     3 ||    12
  Eat: Chunk             |     1 |     5 |     2 ||     8
Armor: Leather armour    |    14 |       |       ||    14
       Plate armour      |     1 |    97 |    13 ||   111
Dodge: Dodged            |    39 |    47 |     3 ||    89
Block: Other             |       |    12 |     3 ||    15
